 Dungeon Crawl Stone Soup version 0.20.0-10-g0535bb4 (webtiles) character file.

41 Chiseanne the Ducker (level 3, -1/28 HPs)
             Began as a Demonspawn Wanderer on June 6, 2017.
             Slain by a hobgoblin
             ... wielding a +0 club
              (3 damage)
             ... on level 2 of the Dungeon.
             The game lasted 00:01:50 (1182 turns).

Chiseanne the Ducker (Demonspawn Wanderer)          Turns: 1182, Time: 00:01:51

Health: -1/28      AC: 11    Str: 14    XL:     3   Next: 32%
Magic:  4/4        EV: 11    Int: 12    God:
Gold:   59         SH:  0    Dex: 12    Spells: 4/4 levels left

rFire    . . .     SeeInvis .   b - +0 quarterstaff
rCold    . . .     Gourm    .   (shield currently unavailable)
rNeg     . . .     Faith    .   i - +0 ring mail
rPois    .         Spirit   .   (no helmet)
rElec    .         Reflect  .   (no cloak)
rCorr    .         Harm     .   (no gloves)
MR       .....                  (no boots)
Stlth    +.........             (no amulet)
Regen    0.1/turn               (no ring)
MPRegen  0.1/turn               (no ring)

@: sanguine armour
A: sanguine armour 1
a: no special abilities


You were on level 2 of the Dungeon.
You were not hungry.

You visited 1 branch of the dungeon, and saw 2 of its levels.

You collected 59 gold pieces.

Inventory:

Hand Weapons
 b - a +0 quarterstaff (weapon)
Missiles
 g - 65 arrows
 h - 70 stones (quivered)
Armour
 i - a +0 ring mail (worn)
Scrolls
 e - 2 scrolls of amnesia {unknown}
 l - a scroll of magic mapping {unknown}
 n - a scroll of remove curse {unknown}
Potions
 d - a potion of curing {unknown}
 k - a potion of mutation {unknown}
 o - a potion of flight {unknown}
Books
 a - a book of Flames

   Spells                             Type                      Level
   a - Flame Tongue                   Conjuration/Fire             1
   b - Throw Flame                    Conjuration/Fire             2
   c - Conjure Flame                  Conjuration/Fire             3
   d - Inner Flame                    Hexes/Fire                   3
   e - Sticky Flame                   Conjuration/Fire             4
   f - Fireball                       Conjuration/Fire             5
 c - the Volume of Shape Shifting

   Spells                             Type                      Level
   a - Passwall                       Transmutation/Earth          2
   b - Sticks to Snakes               Transmutation                2
Comestibles
 f - 2 bread rations
 j - a royal jelly
 m - 2 chunks of flesh


   Skills:
 * Level 2.7 Fighting
   Level 1.0 Polearms
 - Level 1.0 Throwing
 * Level 0.3 Armour
 * Level 2.8 Dodging
 - Level 1.0 Spellcasting
   Level 1.7 Fire Magic
   Level 1.0 Evocations


You had 4 spell levels left.
You didn't know any spells.

Dungeon Overview and Level Annotations

Branches:
Dungeon (2/15)

Altars:


Innate Abilities, Weirdness & Mutations

When seriously injured, your bleeding wounds create armour. (AC +6)


Message History

The jackal barely misses you. The jackal closely misses you.
Your ring mail prevents you from hitting the jackal.
The jackal closely misses you. x2
You closely miss the jackal. The jackal barely misses you.
You closely miss the jackal.
The jackal bites you but does no damage. x2
A hobgoblin comes into view. It is wielding a club.
The hobgoblin shouts!
The jackal bites you.
* * * LOW HITPOINT WARNING * * *
You hit the jackal but do no damage. The jackal closely misses you.
You barely miss the hobgoblin. The jackal bites you.
* * * LOW HITPOINT WARNING * * *
The jackal bites you but does no damage.
The hobgoblin hits you but does no damage.
The worm misses you.
The hobgoblin hits you but does no damage.
The jackal closely misses you. The hobgoblin hits you with a club.
You die...

...........................##
............................<
.#........................###
+..........................#
#.............##......####.#
#.!.#...###...##.......# +#
#...#...###.w.##.......#
#..(......gh..##.......#
.........@###...).......
..........# #...........
........# #...........
........# #...#.......
........# #...#.......
........# #... .......
........# #### ......#
#########


You could see a worm, a jackal and a hobgoblin.

Vanquished Creatures
  An adder (D:2)
  A dart slug (D:1)
  A leopard gecko (D:1)
  2 giant cockroaches (D:2)
  8 goblins
  3 hobgoblins (D:1)
  2 jackals (D:1)
  A bat (D:1)
  A frilled lizard (D:2)
  2 kobolds (D:1)
  4 rats
26 creatures vanquished.

Notes
Turn   | Place    | Note
-------+----------+-------------------------------------------
     0 | D:1      | Chiseanne the Demonspawn Wanderer began the quest for the Orb.
     0 | D:1      | Chiseanne set off with: a book of Flames, a +0 quarterstaff, the Volume of Shape Shifting, a +0 robe, a bread ration
     0 | D:1      | Reached XP level 1. HP: 16/16 MP: 2/2
     0 | D:1      | Identified the Volume of Shape Shifting
   325 | D:1      | Gained mutation: When seriously injured, your bleeding wounds create armour. (AC +6) [demonic ancestry]
   325 | D:1      | Reached XP level 2. HP: 17/22 MP: 3/3
  1100 | D:2      | Reached XP level 3. HP: 26/28 MP: 4/4
  1182 | D:2      | Slain by a hobgoblin

Skill      XL: |  1 |
---------------+----+-----
Dodging        | 2 |  2.8
Fighting       | |  2.7
Polearms       | |  1.0
Throwing       | |  1.0
Armour         | |  0.3
Spellcasting   | |  1.0
Fire Magic     | |  1.7
Evocations     | |  1.0

Action                   || total
-------------------------++-------
Melee: Quarterstaff      ||    82
  Eat: Chunk             ||     1
Armor: Robe              ||     2
       Ring mail         ||    25
Dodge: Dodged            ||    57
